 Dungeon Crawl Stone Soup version 0.20.0-15-g7f486f2 (webtiles) character file.

145 Chiseanne the Magician (level 5, 35/35 HPs)
             Began as a Demonspawn Wizard on June 14, 2017.
             Quit the game on level 4 of the Dungeon.
             The game lasted 00:04:26 (3219 turns).

Chiseanne the Magician (Demonspawn Wizard)          Turns: 3219, Time: 00:04:27

Health: 35/35      AC:  2    Str:  7    XL:     5   Next: 6%
Magic:  11/11      EV: 12    Int: 20    God:
Gold:   161        SH:  0    Dex: 12    Spells: 3/12 levels left

rFire    . . .     SeeInvis .   r - +0 falchion
rCold    . . .     Gourm    .   (no shield)
rNeg     . . .     Faith    .   a - +0 robe
rPois    .         Spirit   .   b - +0 hat
rElec    .         Reflect  .   (no cloak)
rCorr    .         Harm     .   (no gloves)
MR       .....                  (no boots)
Stlth    +.........             (no amulet)
Regen    0.2/turn               (no ring)
MPRegen  0.2/turn               (no ring)

@: confused
A: talons 1, spiny 1
a: no special abilities


You were on level 4 of the Dungeon.
You were not hungry.

You visited 1 branch of the dungeon, and saw 4 of its levels.

You collected 161 gold pieces.

Inventory:

Hand Weapons
 j - a +0 club
 o - a +0 short sword
 r - a +0 falchion (weapon)
 u - a +0 long sword
Missiles
 e - 53 stones (quivered)
 g - 22 poisoned needles
 k - 8 javelins of penetration
 n - 6 arrows
 t - 33 sling bullets
 y - 21 bolts
Armour
 a - a +0 robe (worn)
 b - a +0 hat (worn)
Jewellery
 i - an uncursed ring of ice {unknown}
 p - a cursed amulet of inaccuracy {unknown}
Scrolls
 c - a scroll of remove curse
 s - 2 scrolls of teleportation
Potions
 m - a potion of might {unknown}
 q - a potion of flight {unknown}
 w - a potion of ambrosia
Comestibles
 d - 3 bread rations
 f - a royal jelly
 l - 2 meat rations


   Skills:
 - Level 1.7 Dodging
 - Level 1.7 Stealth
 * Level 4.2 Spellcasting
 * Level 3.6 Conjurations
   Level 1.0 Summonings
 - Level 0.8 Translocations


You had 3 spell levels left.
You knew the following spells:

 Your Spells              Type           Power        Failure   Level  Hunger
a - Magic Dart            Conj           ###.         2%          1    None
b - Blink                 Tloc           N/A          13%         2    #......
c - Conjure Flame         Conj/Fire      ##......     19%         3    ###....
d - Mephitic Cloud        Conj/Pois/Air  #.......     22%         3    ###....


Dungeon Overview and Level Annotations

Branches:
Dungeon (4/15)
 Temple: D:4-7

Altars:
Ashenzari

Annotations:
D:4 Serafim's ghost, novice VSTm


Innate Abilities, Weirdness & Mutations

You have sharp toenails.
You are partially covered in sharp spines.


Message History

You feel invigorated.
The centaur skeleton hits you but does no damage.
The centaur skeleton barely misses you.
The centaur skeleton is struck by your spines.
The centaur skeleton hits you.
The centaur skeleton is struck by your spines.
The centaur skeleton barely misses you. The centaur skeleton hits you!
The centaur skeleton is struck by your spines.
The centaur skeleton barely misses you.
The centaur skeleton is struck by your spines.
The centaur skeleton misses you.
The phantom blinks!
The centaur skeleton is struck by your spines.
The centaur skeleton hits you.
The centaur skeleton is struck by your spines.
You destroy the centaur skeleton!
You have reached level 5!
Your demonic ancestry asserts itself...
Your toenails lengthen and sharpen.
Are you sure you want to abandon this character and quit the game? (Confirm with "yes".)

#.#...># #......#
###...## ####.##
#.....# #.#.#.####
.........#
#.#...##.###########
#.##..##......Ww@..#
.....Z######..####.#
...#.## #..# #
#..#.# #....
#..s...# ##.#.#
#......# #.#.#
#......# #.. .
#......# ### ##
.......#


You could see a phantom and a worm.

Vanquished Creatures
  A centaur skeleton (D:4)
  A hound (D:4)
  2 adders
  An adder skeleton (D:4)
  A worm (D:2)
  A dart slug (D:2)
  2 leopard geckos
  9 bats
  2 giant cockroaches
  3 goblins
  9 hobgoblins
  6 jackals
  2 quokkas (D:2)
  4 frilled lizards (D:2)
  4 kobolds
  8 rats
56 creatures vanquished.

Notes
Turn   | Place    | Note
-------+----------+-------------------------------------------
     0 | D:1      | Chiseanne the Demonspawn Wizard began the quest for the Orb.
     0 | D:1      | Reached XP level 1. HP: 13/13 MP: 4/4
   322 | D:1      | Gained mutation: You are partially covered in sharp spines. [demonic ancestry]
   322 | D:1      | Reached XP level 2. HP: 19/19 MP: 1/6
  1161 | D:2      | Reached XP level 3. HP: 22/24 MP: 8/8
  2078 | D:2      | Found a shattered altar of Ashenzari.
  2466 | D:3      | Reached XP level 4. HP: 28/30 MP: 1/9
  2636 | D:3      | Learned a level 2 spell: Blink
  2640 | D:3      | Learned a level 3 spell: Conjure Flame
  2644 | D:3      | Learned a level 3 spell: Mephitic Cloud
  2813 | D:4      | Noticed Serafim's ghost (novice VSTm)
  3113 | D:4      | Reached skill level 4 in Spellcasting
  3195 | D:4      | Noticed a phantom
  3218 | D:4      | Gained mutation: You have sharp toenails. [demonic ancestry]
  3218 | D:4      | Reached XP level 5. HP: 35/35 MP: 11/11
  3219 | D:4      | Quit the game

Skill      XL: |  1  2  3  4 |
---------------+-------------+-----
Conjurations   | 2 3 |  3.6
Spellcasting   | 4 |  4.2
Dodging        | |  1.7
Stealth        | |  1.7
Summonings     | |  1.0
Translocations | |  0.8

Action                   |  1- 3 |  4- 6 || total
-------------------------+-------+-------++-------
Melee: Club              |    26 |       ||    26
       Short sword       |    14 |       ||    14
       Falchion          |    33 |    16 ||    49
 Cast: Magic Dart        |    45 |    15 ||    60
  Use: Scroll            |     8 |     1 ||     9
       Potion            |       |     2 ||     2
 Stab: Sleeping          |     4 |     1 ||     5
  Eat: Chunk             |     5 |     2 ||     7
Armor: Robe              |    13 |     4 ||    17
Dodge: Dodged            |    60 |    27 ||    87
       Rpst.: Falchion   |     6 |     8 ||    14
